 Dungeon Crawl Stone Soup version 0.25.0-9-g26727b6 (webtiles) character file.

Game seed: 959379897932208309

2197 shmeve the Cleaver (level 9, -5/82 HPs)
             Began as a Minotaur Berserker on June 22, 2020.
             Was a High Priest of Trog.
             Killed from afar by an electric eel (13 damage)
             ... with a bolt of electricity
             ... on level 6 of the Dungeon.
             The game lasted 00:12:14 (6285 turns).

shmeve the Cleaver (Minotaur Berserker)             Turns: 6285, Time: 00:12:15

Health: -5/82      AC: 15    Str: 24    XL:     9   Next: 12%
Magic:  8/8        EV: 10    Int:  5    God:    Trog [*****.]
Gold:   373        SH:  0    Dex: 16    Spells: 8/8 levels left

rFire    . . .     SeeInvis .   a - +0 hand axe
rCold    . . .     Gourm    .   (no shield)
rNeg     . . .     Faith    .   i - +0 plate armour
rPois    +         Spirit   .   p - +0 hat
rElec    .         Reflect  .   E - +0 cloak
rCorr    .         Harm     .   (no gloves)
MR       ++...                  o - +0 pair of boots
Stlth    ..........             j - amulet of the acrobat
HPRegen  1.23/turn              y - +6 ring of dexterity
MPRegen  0.11/turn              g - ring of poison resistance

@: regenerating
A: retaliatory headbutt, horns 2
a: Berserk, Trog's Hand, Brothers in Arms, Renounce Religion


You were on level 6 of the Dungeon.
You worshipped Trog.
Trog was extremely pleased with you.
You were near starving.

You visited 2 branches of the dungeon, and saw 7 of its levels.
You also visited: Sewer.

You collected 373 gold pieces.

Inventory:

Hand Weapons
 a - a +0 hand axe (weapon)
Missiles
 l - 54 sling bullets
 x - 3 boomerangs (quivered)
Armour
 i - a +0 plate armour (worn)
 o - a +0 pair of boots (worn)
 p - a +0 hat (worn)
 E - a +0 cloak (worn)
Jewellery
 g - a ring of poison resistance (right hand)
 j - an amulet of the acrobat (around neck)
 y - a +6 ring of dexterity (left hand)
 H - an uncursed amulet of faith {unknown}
Scrolls
 b - a scroll of enchant armour {unknown}
 f - 9 scrolls of identify
 h - 2 scrolls of random uselessness {unknown}
 k - a scroll of blinking {unknown}
 n - 3 scrolls of fear {unknown}
 q - 2 scrolls of amnesia {unknown}
 r - 4 scrolls of remove curse {unknown}
 u - 9 scrolls of magic mapping {unknown}
 B - 3 scrolls of teleportation {unknown}
 D - 2 scrolls of fog {unknown}
 G - 2 scrolls of immolation {unknown}
Potions
 d - a potion of ambrosia {unknown}
 e - 4 potions of flight {unknown}
 m - 8 potions of haste {unknown}
 s - a potion of degeneration {unknown}
 t - 2 potions of magic {unknown}
 v - 2 potions of mutation {unknown}
 w - a potion of lignification {unknown}
 z - a potion of resistance {unknown}
 C - 2 potions of heal wounds {unknown}
 F - a potion of curing {unknown}
Comestibles
 c - 10 rations


   Skills:
 * Level 8.6 Fighting
 * Level 8.6 Axes
 + Level 4.2 Throwing
 + Level 5.9 Armour
 + Level 5.3 Dodging


You had 8 spell levels left.
You didn't know any spells.
Your spell library was empty.

Dungeon Overview and Level Annotations

Branches:
Dungeon (6/15)             Temple (1/1) D:4           Sewer (visited)

Altars:
Ashenzari
Dithmenos
Makhleb
Sif Muna
Vehumet
Yredelemnul


Innate Abilities, Weirdness & Mutations

You reflexively headbutt those who attack you in melee.
You have a pair of horns on your head.


Message History

The bolt of electricity hits the electric eel.
The electric eel completely resists.
The bolt of electricity hits you.
The electric eel shoots out a bolt of lightning at you!
The bolt of electricity hits you!
* * * LOW HITPOINT WARNING * * *
You hit the electric eel.
The electric eel is lightly wounded.
The electric eel shoots out a bolt of lightning at you!
The bolt of electricity hits the electric eel.
The electric eel completely resists.
The bolt of electricity hits you.
* * * LOW HITPOINT WARNING * * *
The electric eel shoots out a bolt of lightning at you!
The bolt of electricity hits you!
* * * LOW HITPOINT WARNING * * *
Your plate armour prevents you from hitting the electric eel.
The electric eel is lightly wounded.
The electric eel shoots out a bolt of lightning at you!
The bolt of electricity hits the electric eel.
The electric eel completely resists.
The bolt of electricity hits you!
You die...

# #...>........ ########
#≈≈≈≈≈≈ ≈≈≈####.######.#
.......#
≈≈≈≈≈≈≈≈≈≈≈≈###........#
....(.##
≈≈≈≈≈≈≈≈≈≈≈≈≈########..#
####### ≈≈≈≈≈≈≈≈≈≈≈≈≈≈##
#... ≈≈≈≈≈≈≈≈≈≈≈≈≈≈≈#
#.## ≈≈≈≈≈≈;≈≈≈≈≈≈# #.#
#|.#;≈≈≈≈≈≈### #.#
#@.†.....'.# #.#
#.††.....'.# #.#
#..#≈≈≈≈≈≈≈#.####.#
≈≈≈≈≈≈≈≈≈≈≈≈≈#......##
≈≈≈≈≈≈≈≈≈≈≈≈≈≈≈###......
≈≈≈≈≈≈≈≈≈≈≈≈≈≈## #....##
≈≈≈≈≈≈≈≈≈≈≈≈≈## #....#
≈≈≈≈≈≈≈≈≈≈≈≈######....#
#≈≈≈≈≈≈≈≈≈≈###........#


You could see 2 electric eels.

Vanquished Creatures
  Grinder (D:5)
  An ice beast (D:6)
  2 sky beasts
  An ogre (D:6)
  A phantom (D:6)
  7 bullfrogs
  Blork the orc (D:4)
  An electric eel (D:6)
  2 crimson imps (D:6)
  2 jellies (D:6)
  Crazy Yiuf (D:5)
  A bullfrog skeleton (D:5)
  2 orc priests
  5 hounds
  5 orc wizards
  2 worker ants
  An iguana (D:4)
  A killer bee zombie (D:6)
  8 gnolls
  11 adders
  4 river rats (Sewer)
  2 shadow imps
  A worm (D:6)
  A dart slug (D:2)
  3 leopard geckos
  29 orcs
  3 giant cockroaches
  8 goblins
  9 hobgoblins
  15 jackals
  A quokka (D:6)
  12 ball pythons
  12 bats
  12 frilled lizards
  10 kobolds
  A quokka skeleton (D:5)
  27 rats
206 creatures vanquished.

Vanquished Creatures (others)
  An adder (D:6)
1 creature vanquished.

Grand Total: 207 creatures vanquished

Notes
Turn   | Place    | Note
-------+----------+-------------------------------------------
     0 | D:1      | shmeve the Minotaur Berserker began the quest for the Orb.
     0 | D:1      | Reached XP level 1. HP: 19/19 MP: 0/0
   214 | D:1      | Reached XP level 2. HP: 27/27 MP: 1/1
   692 | D:1      | Reached ** piety under Trog
   843 | D:1      | Reached XP level 3. HP: 33/33 MP: 2/2
  1715 | D:2      | Reached skill level 1 in Throwing
  1763 | D:2      | Found a faded altar of an unknown god.
  1825 | D:3      | Reached XP level 4. HP: 33/41 MP: 3/3
  2223 | D:3      | Reached *** piety under Trog
  2317 | D:3      | Reached XP level 5. HP: 47/47 MP: 4/4
  2702 | D:4      | Reached skill level 5 in Fighting
  2702 | D:4      | Reached skill level 5 in Axes
  2956 | D:4      | Noticed Blork the orc
  2962 | D:4      | Killed Blork the orc
  2962 | D:4      | Reached XP level 6. HP: 56/56 MP: 5/5
  3163 | D:4      | Noticed a sky beast
  3185 | D:4      | Killed a sky beast
  3449 | D:4      | Reached XP level 7. HP: 63/63 MP: 6/6
  3592 | D:4      | Found a staircase to the Ecumenical Temple.
  3709 | D:4      | Reached **** piety under Trog
  3825 | D:5      | Entered Level 5 of the Dungeon
  4170 | D:5      | Noticed Grinder
  4178 | D:5      | Killed Grinder
  4178 | D:5      | Reached XP level 8. HP: 73/73 MP: 7/7
  4246 | D:5      | Found a glowing drain.
  4384 | Sewer    | Entered a sewer
  4919 | Sewer    | Reached ***** piety under Trog
  4919 | Sewer    | Reached skill level 5 in Armour
  5177 | D:5      | Found a runed translucent door.
  5178 | D:5      | Noticed Crazy Yiuf
  5185 | D:5      | Killed Crazy Yiuf
  5279 | Temple   | Entered the Ecumenical Temple
  5562 | D:6      | Reached skill level 5 in Dodging
  5839 | D:6      | Found a radiant altar of Vehumet.
  5987 | D:6      | Found a basalt altar of Yredelemnul.
  6038 | D:6      | Reached XP level 9. HP: 64/82 MP: 8/8
  6285 | D:6      | Killed from afar by an electric eel

Illustrated notes

Levels and vault maps discovered:
D:1:      mushboom_english_gardens, layout_basic
D:2:      layout_rooms, first_ration, chequers_ecumenical_altar_twisty
D:3:      layout_basic
D:4:      layout_cave_pools, minmay_temple_entry_offerings, uniq_blork_the_orc
D:5:      layout_rooms, portal_sewer_entry_d, uniq_grinder,
          uniq_crazy_yiuf_cottage
D:6:      kennysheep_big_flooded_room, layout_basic, kennysheep_mini,
          nicolae_overflow_crystal_walls, kennysheep_mini_moat
Temple:   zaba_magenta_temple

Skill      XL: |  1  2  3  4  5  6  7  8 |
---------------+-------------------------+-----
Axes           | 4 5 6 7 8 |  8.6
Fighting       | 4 5 6 7 8 |  8.6
Throwing       | 1 2 3 4 |  4.2
Armour         | 3 4 5 |  5.9
Dodging        | 3 4 5 |  5.3

Action                   |  1- 3 |  4- 6 |  7- 9 || total
-------------------------+-------+-------+-------++-------
Melee: Hand axe          |    92 |   141 |   311 ||   544
       Headbutt          |    14 |    22 |    51 ||    87
Throw: Boomerang         |       |     3 |    16 ||    19
Invok: Berserk           |       |     2 |     5 ||     7
       Trog's Hand       |       |     1 |     4 ||     5
  Use: Scroll            |       |       |     3 ||     3
  Eat: Chunk             |     3 |     7 |    14 ||    24
Armor: Animal skin       |     3 |       |       ||     3
       Plate armour      |    68 |   111 |   210 ||   389
Dodge: Dodged            |    52 |    61 |   160 ||   273
